 Dungeon Crawl Stone Soup version 0.28.0-49-g6dfe1f597d (console) character file.

Game seed: 11696765868098150411

98 Faeu the Chopper (level 4, -7/39 HPs)
             Began as a Minotaur Berserker on May 15, 2022.
             Was a Believer of Trog.
             Mangled by an iguana (11 damage)
             ... on level 4 of the Dungeon.
             The game lasted 00:03:13 (2804 turns).

Faeu the Chopper (Minotaur Berserker)               Turns: 2804, Time: 00:03:13

Health: -7/39      AC:  2    Str: 24    XL:     4   Next: 44%
Magic:  3/3        EV: 12    Int:  4    God:    Trog [**....]
Gold:   170        SH:  0    Dex:  9    Spells: 3/3 levels left

rFire   . . .      SeeInvis .   a - +0 hand axe {axe}
rCold   . . .      Faith    .   (no shield)
rNeg    . . .      Spirit   .   b - +0 animal skin
rPois   .          Reflect  .   (helmet restricted)
rElec   .          Harm     .   (no cloak)
rCorr   .          Rampage  .   (no gloves)
Will    .....                   (no boots)
Stlth   +.........              j - amulet of magic regeneration {@e2}
HPRegen 0.13/turn               (no ring)
MPRegen 0.48/turn               (no ring)

@: on berserk cooldown, slowed, very slow
A: horns 2, retaliatory headbutt
a: Renounce Religion, Berserk, Trog's Hand


You were on level 4 of the Dungeon.
You worshipped Trog.
Trog was pleased with you.
You visited 1 branch of the dungeon, and saw 4 of its levels.

You collected 170 gold pieces.


Innate Abilities, Weirdness & Mutations

You have a pair of horns on your head.
You reflexively headbutt those who attack you in melee.


   Skills:
 - Level 3.6 Fighting
 + Level 6.4 Axes
 - Level 2.4 Armour
 - Level 2.1 Dodging


You had 3 spell levels left.
You didn't know any spells.
Your spell library contained the following spells:

 Spells                   Type           Power      Damage    Failure   Level
 Freeze                   Ice            0%         1d3       50%         1
 Blink                    Tloc           0%         N/A       65%         2
 Frozen Ramparts          Ice            0%         1d2       86%         3
 Lesser Beckoning         Tloc           0%         N/A       86%         3
 Hailstorm                Conj/Ice       0%         3d3       99%         4
 Manifold Assault         Tloc           0%         N/A       100%        5

Inventory:

Hand Weapons
 a - a +0 hand axe (weapon) {axe}
 h - a +1 vampiric dagger {short}
   (You took it off a kobold on level 2 of the Dungeon)
Armour
 b - a +0 animal skin (worn)
Jewellery
 j - an amulet of magic regeneration (around neck) {@e2}
   (You found it on level 3 of the Dungeon)
Scrolls
 c - 2 scrolls of magic mapping {unknown}
 d - a scroll of blinking {unknown}
 f - a scroll of teleportation {unknown}
 i - a scroll of fog {unknown}
Potions
 e - a potion of mutation {unknown}
 g - a potion of resistance {unknown}
 k - a potion of degeneration {unknown}
 l - a potion of curing {unknown}

Dungeon Overview and Level Annotations

Branches:
Dungeon (4/15)
 Temple: D:4-7

Altars:

Annotations:
D:3 Grinder, Robin

#########
##.......#
#g@.#
g........l#
#$..###...#
## #####


You could see an iguana and a goblin.


Message History

A quokka is nearby!
You hit the quokka but do no damage.
The quokka bites you but does no damage.
A quokka is nearby!
You hit the quokka.
You kill the quokka!
Trog accepts your kill.
l - a black potion No target in view!
You see here 4 large rocks {=fthrowing}.
Grinder and an adder come into view.
Grinder shouts!
The adder hisses angrily.
You barely miss the adder. The adder closely misses you.
You slash the adder! The adder bites you.
You are poisoned.
The adder poisons you! The adder bites you. 😕 HP[-7]
You take 7 damage, and now have 32/39 hp.
You hit the adder. Your headbutt misses the adder.
You feel sick. The adder bites you.
You are more poisoned.
The adder poisons you! 😕 HP[-2]
You take 2 damage, and now have 30/39 hp.
A red film seems to cover your vision as you go berserk!
You feel yourself moving faster!
You feel mighty!
You feel sick. The adder barely misses you. 😮 HP[+13]
You now have 58 max hp (+19).
You regained 13 hp, and now have 43/58 hp.
You hit the adder.
You feel the power of Trog in you as your rage grows.
You kill the adder!
Trog accepts your kill.
You feel sick. 😮 HP[-1]
You take 1 damage, and now have 42/58 hp.
You feel sick.
You see here an adder corpse.
You slash Grinder!
You feel sick. Grinder misses you. 😮 HP[-1]
You take 1 damage, and now have 41/58 hp.
You hit Grinder. You barely miss Grinder.
You feel sick. Grinder gestures at you.
You suddenly lose the ability to move!
You feel sick. Grinder gestures at you.
You shrug off the repeated paralysis!
You feel sick.
Grinder blinks!
You feel sick.
You are no longer poisoned.
You can move again. 😮 HP[-4]
You take 4 damage, and now have 37/58 hp.
Grinder blinks! 😮 HP[+1]
You feel a strong urge to attack something.
You see here an adder corpse.
You feel your anger nearly subside.
You are no longer berserk.
You are exhausted.
You feel yourself slow down. 😮 HP[-13]
You now have 39 max hp (-19). 😮 HP[+1] Grinder gestures at you.
You resist with significant effort. Grinder gestures at you.
Pain shoots through your body! 😮 HP[-3]
You take 3 damage, and now have 23/39 hp.
Grinder gestures at you.
You resist with significant effort. 😮 HP[+1] Grinder blinks!
There is a stone staircase leading down here.
You climb downwards.
You hear the sound of rushing water.
There is an entrance to a sewer on this level.
Hurry and find it before the portal rusts away!
The goblin shouts!
The iguana hisses angrily.
There is a stone staircase leading up here.
The iguana barely misses you.
You see here a +0 hand axe {axe}.
You barely miss the iguana. Your headbutt misses the iguana.
The iguana bites you!
* * * LOW HITPOINT WARNING * * *
😨 HP[-9]
You take 9 damage, and now have 15/39 hp.
MASSIVE DAMAGE!! (PAUSE)
You hit the iguana.
You headbutt the iguana, but do no damage.
The iguana closely misses you. The iguana bites you.
* * * LOW HITPOINT WARNING * * *
😨 HP[-5]
You take 5 damage, and now have 10/39 hp.
You hit the iguana. The iguana closely misses you.
You hit the iguana but do no damage. The iguana bites you.
* * * LOW HITPOINT WARNING * * *
The iguana bites you!
You die...

Skill      XL: |  1  2  3 |
---------------+----------+-----
Axes           | 4 5 6 |  6.4
Fighting       | |  3.6
Armour         | |  2.4
Dodging        | |  2.1

Action                   |  1- 3 |  4- 6 || total
-------------------------+-------+-------++-------
Melee: Hand axe          |    70 |    15 ||    85
       Headbutt          |     9 |     2 ||    11
       Punch             |     2 |       ||     2
Invok: Berserk           |     1 |     1 ||     2
 Stab: Sleeping          |     1 |       ||     1
Armor: Animal skin       |    11 |     1 ||    12
Dodge: Dodged            |    40 |     8 ||    48

Levels and vault maps discovered:
D:1:      dpeg_arrival_houses_and_road, layout_basic
D:2:      layout_loops_ring
D:3:      minmay_wonky_spiral, layout_rooms, chequers_ecumenical_altar_twisty,
          uniq_robin, uniq_grinder
D:4:      layout_loops_corners, gup_sewer_entry_pipe

Notes
Turn   | Place    | Note
-------+----------+-------------------------------------------
     0 | D:1      | Faeu the Minotaur Berserker began the quest for the Orb.
     0 | D:1      | Reached XP level 1. HP: 19/19 MP: 0/0
     0 | D:1      | magus.rc [v1.9.6]
   148 | D:1      | Reached skill level 4 in Axes
   291 | D:1      | Reached XP level 2. HP: 26/26 MP: 1/1
  1144 | D:2      | Reached skill level 5 in Axes
  1245 | D:2      | Reached XP level 3. HP: 31/31 MP: 2/2
  1313 | D:2      | Reached ** piety under Trog
  1390 | D:2      | You pick up a book of Frost {forbidden} and begin
                  | reading...
  1390 | D:2      | You add the spells Freeze, Frozen Ramparts and Hailstorm to
                  | your library.
  1826 | D:3      | Noticed Robin
  1879 | D:2      | HP: 5/30 [hobgoblin[Robin] (7)]
  2437 | D:3      | You pick up a book of Spatial Translocations {forbidden}
                  | and begin reading...
  2437 | D:3      | You add the spells Blink, Lesser Beckoning and Manifold
                  | Assault to your library.
  2452 | D:3      | Found a faded altar of an unknown god.
  2523 | D:3      | Reached skill level 6 in Axes
  2523 | D:3      | Reached XP level 4. HP: 33/39 MP: 3/3
  2768 | D:3      | Noticed Grinder
  2782 | D:3      | Paralysed by Grinder for 3 turns
  2804 | D:4      | HP: 4/39 [iguana (6)]
  2804 | D:4      | Mangled by an iguana

Vanquished Creatures
  A bullfrog skeleton (D:3)
  An adder (D:3)
  A worm (D:2)
  A dart slug (D:1)
  An orc (D:3)
  2 ball pythons
  5 endoplasms
  A giant cockroach (D:2)
  9 goblins
  4 hobgoblins
  4 jackals
  4 kobolds
  3 quokkas
  3 bats
  4 frilled lizards
  4 rats (D:2)
48 creatures vanquished.

Table legend:
 A = Non-vault XP
 B = Vault XP
 C = Vault XP percentage of total XP
 D = Non-vault monster count
 E = Vault monster count
 F = Vault count percentage of total count
                 A         B        C        D         E       F
            +---------+---------+-------+---------+---------+-------
      Total |     123 |      18 |  12.8 |      39 |       9 |  18.8
            +---------+---------+-------+---------+---------+-------
        D:1 |      23 |       0 |   0.0 |      12 |       0 |   0.0
        D:2 |      32 |       4 |  11.1 |      18 |       2 |  10.0
        D:3 |      68 |      14 |  17.1 |       9 |       7 |  43.8
            +---------+---------+-------+---------+---------+-------

Illustrated notes

Table legend:
 A = Kills in this place as a percentage of kills in entire the game.
 B = Kills by you in this place as a percentage of kills by you in the entire game.
 C = Kills by friends in this place as a percentage of kills by friends in the entire game.
 D = Other kills in this place as a percentage of other kills in the entire game.
 E = Experience gained in this place as a percentage of experience gained in the entire game.
 F = Experience gained in this place divided by the number of levels of this place that you have seen.
                   A       B       C       D       E      F
               +-------+-------+-------+-------+-------+----------------------
         Total | 100.0 | 100.0 |   N/A |   N/A | 100.0 |  35.2
       Dungeon | 100.0 | 100.0 |   N/A |   N/A | 100.0 |  35.2
               +-------+-------+-------+-------+-------+----------------------

Table legend: (Time is in decaauts)
 A = Elapsed time spent in this place.
 B = Non-inter-level travel time spent in this place.
 C = Inter-level travel time spent in this place.
 D = Time resting spent in this place.
 E = Time spent auto-exploring this place.
 F = Levels seen in this place.
 G = Mean time per level.
                   A        B        C        D        E       F      G
               +--------+--------+--------+--------+--------+-----+--------+
         Total |   2821 |   2716 |    105 |    254 |   2092 |   4 |  705.2 |
       Dungeon |   2821 |   2716 |    105 |    254 |   2092 |   4 |  705.2 |
               +--------+--------+--------+--------+--------+-----+--------+

Top non-repeatable levels by time:
     D:2: 1407 daAuts
     D:1: 846 daAuts
     D:3: 560 daAuts
     D:4: 6 daAuts
